 Dungeon Crawl Stone Soup version 0.24-a0-102-g7635c99 (console) character file.

Game seed: 9360690239792790982

2 Duffy the Caller (level 1, -2/15 HPs)
             Began as a Naga Summoner on Feb 12, 2019.
             Slain by a kobold
             ... wielding a +0 short sword
              (4 damage)
             ... on level 1 of the Dungeon.
             The game lasted 00:00:19 (34 turns).

Duffy the Caller (Naga Summoner)                      Turns: 34, Time: 00:00:20

Health: -2/15      AC:  1    Str: 10    XL:     1   Next: 30%
Magic:  2/3        EV: 10    Int: 15    God:
Gold:   0          SH:  0    Dex: 11    Spells: 3/4 levels left

rFire    . . .     SeeInvis +   c - ration
rCold    . . .     Gourm    .   (no shield)
rNeg     . . .     Faith    .   a - +0 robe
rPois    +         Spirit   .   (no helmet)
rElec    .         Reflect  .   (no cloak)
rCorr    .         Harm     .   (no gloves)
MR       .....                  (no barding)
Stlth    ++........             (no amulet)
HPRegen  0.05/turn              (no ring)
MPRegen  0.08/turn              (no ring)

@: short of breath, very slow
A: large, see invisible, deformed body, poison resistance, slowness 2, slow
metabolism 1, spit poison 1, AC +0
a: Spit Poison


You were on level 1 of the Dungeon.
You were not hungry.

You visited 1 branch of the dungeon, and saw 1 of its levels.

Inventory:

Armour
 a - a +0 robe (worn)
Comestibles
 c - a ration (in hand)


   Skills:
 - Level 1.5 Dodging
 - Level 3.0 Stealth
 + Level 2.0 Spellcasting
 + Level 4.0 Summonings


You had 3 spell levels left.
You knew the following spells:

 Your Spells              Type           Power        Failure   Level  Hunger
h - Summon Small Mammal   Summ           ##..         4%          1    #......

Your spell library contained the following spells:

 Spells                   Type           Power        Failure   Level  Hunger
 Call Imp                 Summ           ##......     6%          2    ###....
 Call Canine Familiar     Summ           ##......     13%         3    ###....
 Summon Guardian Golem    Hex/Summ       #.......     28%         3    ###....
 Summon Ice Beast         Ice/Summ       #.......     67%         4    #####..
 Summon Lightning Spire   Summ/Air       #.......     67%         4    #####..


Dungeon Overview and Level Annotations

Branches:
Dungeon (1/15)

Altars:


Innate Abilities, Weirdness & Mutations

You cannot wear boots.
Your serpentine skin is tough. (AC +0)
You have supernaturally acute eyesight. (SInv)
Armour fits poorly on your strangely shaped body.
Your system is resistant to poisons. (rPois)
You cover ground very slowly.
You have a slow metabolism.
You can spit poison.


Message History

Press: ? - help, Shift-Dir - straight line, f/p - bat
Aim: a bat The splash of poison misses the bat.
You feel slightly more hungry. The bat hits you but does no damage.
The bat closely misses you. The bat hits you. The bat hits you.
The bat barely misses you.
Found a dagger.
The bat hits you but does no damage. The bat completely misses you.
You have got your breath back.
Your bat barely misses the kobold.
Your bat closely misses the kobold.
Your bat hits the kobold. The bat hits you. x2
Your bat barely misses the kobold.
The bat barely misses you.
Your bat hits the kobold but does no damage.
The bat hits you but does no damage.
Press: ? - help, Shift-Dir - straight line, f/p - bat
Aim: a bat The splash of poison misses the bat.
You feel slightly more hungry. The bat closely misses you.
Your bat misses the kobold.
The kobold hits you with a +0 short sword.
You die...

. .### ..# . ..#
.. #.# #.###.#
#....$###
#..@K.##
#b#.#..##
#........#..)#.##
#........##.###.#
#............#.##
#.......#####.##
#.......# #.#
#.......# #.#
#.......# #b#


You could see a bat and a kobold.

Vanquished Creatures
  A bat (D:1)
1 creature vanquished.

Vanquished Creatures (collateral kills)
  A rat (D:1)
1 creature vanquished.

Grand Total: 2 creatures vanquished

Notes
Turn   | Place    | Note
-------+----------+-------------------------------------------
     0 | D:1      | Duffy the Naga Summoner began the quest for the Orb.
     0 | D:1      | Reached XP level 1. HP: 15/15 MP: 3/3
    34 | D:1      | Slain by a kobold

Levels and vault maps discovered:
D:1:      dpeg_arrival_lava_altar, layout_loops_cross

Action                   || total
-------------------------++-------
 Cast: Summon Small Mamm ||     3
 Abil: Spit Poison       ||     5
Armor: Robe              ||    15
Dodge: Dodged            ||    26

Table legend:
 A = Non-vault XP
 B = Vault XP
 C = Vault XP percentage of total XP
 D = Non-vault monster count
 E = Vault monster count
 F = Vault count percentage of total count
                 A         B        C        D         E       F
            +---------+---------+-------+---------+---------+-------
      Total |       3 |       0 |   0.0 |       2 |       0 |   0.0
            +---------+---------+-------+---------+---------+-------
        D:1 |       3 |       0 |   0.0 |       2 |       0 |   0.0
            +---------+---------+-------+---------+---------+-------
